[Event "*** Titled Tuesday 3|2 Blitz (Early)"]
[Site "Chess.com"]
[Date "2016.11.01"]
[Round "8"]
[White "FlySooHigh"]
[Black "Jahonas"]
[Result "0-1"]
[WhiteElo "2403"]
[BlackElo "2180"]
[TimeControl "180+2"]
[EndTime "12:44:24 PDT"]
[Termination "Jahonas won by checkmate"]

1. e4 c5 2. Nf3 d6 3. Nc3 Nf6 4.
e5 dxe5 5. Nxe5 Nbd7 6. d4 e6 7. Be2 Be7 8. O-O O-O 9. Bf4 a6 10. Bf3 cxd4 11. Qxd4 Nxe5 12. Qxd8 Nxf3+ 13. gxf3 Rxd8 14. Na4 Nd5 15. Bg3 b5 16. Nc3 Nxc3 17. bxc3 Bd6 18. Rfd1 Be7 19. Bc7 Re8 20. c4 Bb7 21. cxb5 axb5 22.
Kg2 Bd5 23. Be5 Bf6 24. Bxf6 gxf6 25. Rd4 Rxa2 26. Rb1 f5 27. Rxb5 Rxc2 28. Kg3 Ra8 29. h4 Ra3 30. Kf4 Rxf3+ 31. Ke5 Kg7 32. Rb1 Rfxf2 33.
Rd3 Rce2+ 34. Kd6 Rg2 35. Ke7 Rd2 36. Ra3 e5 37. Rc3 Be6 38. Rb5 Rd7+ 39. Ke8 e4 40.
Rb8 Rgd2 41. Rg3+ Kf6 42. h5 f4 43. Rg1 f3 44. h6 f2 45. Rg7 f1=Q 46. Rxh7 Rd8+ 47. Rxd8 Rxd8+ 48. Kxd8 Qh3 49. Rh8 Kg6 50. Rg8+ Kxh6 51. Ke7 Qa3+ 52. Kf6 Qc3+ 53. Ke7 e3 54. Rg1 e2 55. Rh1+ Kg5 56. Rg1+ Kf4 57. Kf8 e1=Q 58. Rxe1 Qxe1 59. Ke7 f5 60. Kf6 Qe5+ 61. Kg6 Ke4 62.
Kg5 Qg7+ 63. Kh5 Bf7+ 64. Kh4 Qg4# 0-1

[Event "*** Titled Tuesday 3|2 Blitz (Early)"]
[Site "Chess.com"]
[Date "2016.11.01"]
[Round "8"]
[White "GMKrikor"]
[Black "Keaton87"]
[Result "0-1"]
[WhiteElo "2547"]
[BlackElo "2456"]
[TimeControl "180+2"]
[EndTime "12:44:27 PDT"]
[Termination "Keaton87 won by resignation"]

1. e4 c5 2. Nf3 d6 3. c3 Nf6 4. h3 g6 5. Bd3 Bg7 6. Bc2 O-O 7. O-O Nc6 8. d4 cxd4 9. cxd4 d5 10. e5 Ne4 11. Nc3 Nxc3 12. bxc3 f6 13. exf6 exf6 14. Re1 Re8 15. Bf4 Be6 16. h4 Bf7 17. h5 Rxe1+ 18. Nxe1 Qe7 19. Nd3 Re8 20. hxg6 hxg6 21. Qf3 Qe2 22. Qxe2 Rxe2 23. Rc1 g5 24. Be3 Bg6 25. Bb1 Bxd3 26. Bxd3 Rxa2 27. Rb1 b6 28. g3 Ra3 29. Rc1 Na5 30. Be2 Kf7 31. Bf3 Ke6 32.
Bg4+ Kd6 33. Bd2 Nc4 34. Be1 a5 35. Bf5 a4 36. Rb1 Rb3 37. Ra1 a3 38. Kf1 Rb2 39.
Bb1 Bf8 40. Ba2 Kc6 41. g4 Bd6 42. Bb1 b5 43. Bg6 Kb6 44. Bb1 Ka5 45. Ba2 Ka4 0-1

[Event "*** Titled Tuesday 3|2 Blitz (Early)"]
[Site "Chess.com"]
[Date "2016.11.01"]
[Round "8"]
[White "Wolverine_master"]
[Black "Rating-Schmating"]
[Result "1-0"]
[WhiteElo "2084"]
[BlackElo "2247"]
[TimeControl "180+2"]
[EndTime "12:44:34 PDT"]
[Termination "Wolverine_master won by checkmate"]

1. e4 e6 2. d4 d5 3. Nd2 a6 4. Bd3 c5 5. c3 Nc6 6. Ne2 cxd4 7. cxd4 dxe4 8. Nxe4 Bb4+ 9. Bd2 Bxd2+ 10. Qxd2 Nf6 11. O-O O-O 12. Rfd1 Nxe4 13. Bxe4 Ne7 14. d5 exd5 15.
Bxd5 Nxd5 16. Qxd5 Qxd5 17. Rxd5 Be6 18. Rd2 Rfd8 19. Rad1 Rxd2 20. Rxd2 Bxa2 21. Nc3 Be6 22. f4 g6 23. Kf2 Kg7 24. Ne4 Rc8 25. Nd6 Rb8 26. Ke3 b5 27. Kd4 Kf6 28. Kc5 Ke7 29. Ne4 Rc8+ 30. Kb6 Rc4 31. Re2 Kd7 32. Nc5+ Kd6 33.
Nxe6 fxe6 34. Kxa6 Kc5 35. Re5+ Kb4 36. Rxb5+ Ka4 37.
b3+ Ka3 38. bxc4 Ka4 39. c5 Ka3 40. c6 Ka2 41. c7 Ka1 42. c8=Q e5 43. Qc4 e4 44.
Qa4# 1-0

[Event "*** Titled Tuesday 3|2 Blitz (Early)"]
[Site "Chess.com"]
[Date "2016.11.01"]
[Round "8"]
[White "LawrenceTrent"]
[Black "psv98"]
[Result "0-1"]
[WhiteElo "2518"]
[BlackElo "2635"]
[TimeControl "180+2"]
[EndTime "12:44:37 PDT"]
[Termination "psv98 won by checkmate"]

1. d4 Nf6 2. Bg5 d5 3. e3 e6 4. Nd2 c5 5. c3 Nbd7 6. Ngf3 Bd6 7. Bd3 Qc7 8. O-O h6 9. Bh4 O-O 10. e4 dxe4 11. Nxe4 Nxe4 12. Bxe4 f5 13. Bd3 g5 14. Bg3 f4 15. Nxg5 hxg5 16. Qh5 Nf6 17. Qxg5+ Qg7 18. Bxf4 Bxf4 19. Qxf4 Nd5 20. Qd6 Nf4 21. Be4 Nh3+ 22. Kh1 Nxf2+ 23. Rxf2 Rxf2 24. Re1 Bd7 25. h3 Bc6 26. Bxc6 bxc6 27. Qxe6+ Kh8 28. Qxc6 Raf8 29. Re4 Qxg2# 0-1

[Event "*** Titled Tuesday 3|2 Blitz (Early)"]
[Site "Chess.com"]
[Date "2016.11.01"]
[Round "8"]
[White "swayamsm"]
[Black "Smirnov_Pavel"]
[Result "1-0"]
[WhiteElo "2656"]
[BlackElo "2555"]
[TimeControl "180+2"]
[EndTime "12:44:42 PDT"]
[Termination "swayamsm won by resignation"]

1. d4 d5 2. c4 e6 3. Nc3 c6 4. Nf3 Nf6 5. Bg5 h6 6. Bh4 dxc4 7. e4 g5 8. Bg3 b5 9. e5 Nd5 10. Nd2 Qb6 11. Nde4 Nd7 12. h4 gxh4 13. Bxh4 Bb7 14. a4 a5 15. Nd6+ Bxd6 16. exd6 b4 17. Ne4 c5 18.
Bxc4 cxd4 19. Qh5 Nf4 20. Qf3 Ng6 21. Bb5 Bxe4 22. Qxe4 Ra7 23. Bf6 Rg8 24. Bxd4 Qb7 25. Bc6 Qa6 26. Bxa7 Qxa7 27. Rc1 Kf8 28. Bxd7 Qxd7 29.
Qc6 Qa7 30. Qc5 Qxc5 31. Rxc5 Kg7 32. Rxa5 Rc8 33. O-O 1-0

[Event "*** Titled Tuesday 3|2 Blitz (Early)"]
[Site "Chess.com"]
[Date "2016.11.01"]
[Round "8"]
[White "chito89"]
[Black "SavelijTartakover"]
[Result "0-1"]
[WhiteElo "2481"]
[BlackElo "2489"]
[TimeControl "180+2"]
[EndTime "12:44:45 PDT"]
[Termination "SavelijTartakover won by resignation"]

1. d4 Nf6 2. c4 g6 3. Nc3 Bg7 4. e4 O-O 5. Nf3 d6 6. Be2 e5 7. Be3 c6 8. O-O Na6 9. d5 Ng4 10. Bg5 f6 11. Bd2 c5 12. a3 Nh6 13.
b4 Nf7 14. Be3 b6 15. bxc5 Nxc5 16. Ne1 f5 17. Nd3 Nxe4 18. Nxe4 fxe4 19. Nb4 Bh6 20. Nc6 Qf6 21. Qd2 Kg7 22. a4 Bd7 23. a5 bxa5 24. Rxa5 a6 25. Rfa1 Bxe3 26. Qxe3 Qf4 27. Rxa6 Qxe3 28.
fxe3 Rxa6 29. Rxa6 Rc8 30. Bd1 Kf6 31. Ba4 Rc7 32. Bb5 Nh6 33. h3 Nf5 34. Kf2 h5 35. Na7 Bxb5 36. cxb5 Rc2+ 37. Ke1 Rb2 38. b6 Nxe3 39.
Nc8 Nxg2+ 40. Kf1 e3 0-1

[Event "*** Titled Tuesday 3|2 Blitz (Early)"]
[Site "Chess.com"]
[Date "2016.11.01"]
[Round "8"]
[White "metalbattler"]
[Black "Shivagami"]
[Result "0-1"]
[WhiteElo "2019"]
[BlackElo "2093"]
[TimeControl "180+2"]
[EndTime "12:44:45 PDT"]
[Termination "Shivagami won by resignation"]

1. e4 Nc6 2. Nf3 d6 3. Nc3 Nf6 4. h3 e5 5. d4 Be7 6. d5 Nb8 7.
Bb5+ c6 8. Ba4 b5 9. Bb3 b4 10. Nb1 c5 11. Nbd2 O-O 12. O-O a5 13. a4 Nbd7 14. Qe2 Ba6 15. Bc4 Bb7 16. Bd3 Nb6 17.
Nc4 Nfd7 18. b3 Nxc4 19. Bxc4 Nb6 20. Be3 Nxc4 21. Qxc4 Ba6 22. Nd2 Bxc4 23. Nxc4 f5 24. f3 f4 25. Bf2 Bh4 26. Bxh4 Qxh4 27. Nxd6 Rf6 28. Nc4 Re8 29. Nxa5 Rg6 30. Kh1 Rd8 31. Nc4 Rdd6 32. Nxd6 Rxd6 33. a5 Qd8 34. Ra4 Ra6 35.
Rfa1 Qd6 36. Kh2 g5 37. Kg1 h5 38. Kf2 c4 39. bxc4 Qc5+ 40. Kf1 Qxc4+ 41. Kg1 Qxc2 42. Rxb4 Qc5+ 0-1

[Event "*** Titled Tuesday 3|2 Blitz (Early)"]
[Site "Chess.com"]
[Date "2016.11.01"]
[Round "8"]
[White "Aygehovit1992"]
[Black "Taabling"]
[Result "0-1"]
[WhiteElo "2426"]
[BlackElo "2340"]
[TimeControl "180+2"]
[EndTime "12:45:10 PDT"]
[Termination "Taabling won by resignation"]

1. e4 c5 2. Nf3 d6 3. d4 Nf6 4. Nc3 cxd4 5. Nxd4 g6 6. Be3 Bg7 7. f3 O-O 8. Qd2 Nc6 9. O-O-O d5 10. exd5 Nxd5 11.
Nxc6 bxc6 12. Bd4 Bxd4 13. Qxd4 Qb6 14. Na4 Qc7 15. Bc4 Rd8 16. Bb3 Rd6 17. Qc5 Be6 18. h4 h5 19. Rhe1 Rad8 20. Re4 Nf6 21. Red4 Bxb3 22.
axb3 Rd5 23. Rxd5 Rxd5 24. Rxd5 Nxd5 25. Nc3 Qe5 26. Kb1 Nxc3+ 27. Qxc3 Qxc3 28. bxc3 e5 29. Kc1 f5 30. Kd2 Kf7 31. b4 Ke6 32. c4 a6 33. Ke3 c5 34. c3 Kd6 35. Kd3 Kc6 36. Kc2 Kb6 37. Kb2 a5 38. bxa5+ Kxa5 39. Kb3 e4 40. fxe4 fxe4 41. Kc2 Ka4 42. Kd2 Kb3 43. Ke3 Kxc3 44. Kxe4 Kxc4 45. Ke5 Kd3 46. Kf6 c4 47. Kxg6 c3 0-1

[Event "*** Titled Tuesday 3|2 Blitz (Early)"]
[Site "Chess.com"]
[Date "2016.11.01"]
[Round "8"]
[White "Genghis_K"]
[Black "howitzer14"]
[Result "1-0"]
[WhiteElo "2676"]
[BlackElo "2756"]
[TimeControl "180+2"]
[EndTime "12:45:13 PDT"]
[Termination "Genghis_K won by checkmate"]

1. d4 Nf6 2. c4 g6 3. Nc3 d5 4.
cxd5 Nxd5 5. e4 Nxc3 6. bxc3 Bg7 7. Nf3 c5 8. Rb1 O-O 9. Be2 Nc6 10. d5 Ne5 11. Nxe5 Bxe5 12. Qd2 e6 13. f4 Bc7 14.
O-O exd5 15. exd5 Rb8 16. c4 Qd6 17. Rb3 Bd7 18. Bb2 f6 19. Rg3 Rbe8 20. Bd3 Rf7 21. h4 Rg7 22. Bc3 Bd8 23. h5 gxh5 24. Rxg7+ Kxg7 25.
Qc2 Rh8 26. Bf5 b5 27. cxb5 c4 28. Rf3 h4 29. Bxd7 Qxd7 30. Qe4 Qxb5 31. Kh2 Qd7 32. f5 Bc7+ 33. Kh1 Rb8 34. Rf1 Bg3 35. Qg4+ Kf7 36. Qh5+ Ke7 37. d6+ Kf8 38. Bxf6 Bxd6 39. Qh6+ Kg8 40.
Qg5+ Kf8 41. Qh6+ Kg8 42. Bc3 Qxf5 43. Qg7# 1-0

[Event "*** Titled Tuesday 3|2 Blitz (Early)"]
[Site "Chess.com"]
[Date "2016.11.01"]
[Round "8"]
[White "YuriyKrykun"]
[Black "ChessWarrior7197"]
[Result "1/2-1/2"]
[WhiteElo "2302"]
[BlackElo "2471"]
[TimeControl "180+2"]
[EndTime "12:45:29 PDT"]
[Termination "Game drawn by repetition"]

1. Nf3 Nf6 2. g3 d5 3. Bg2 e6 4.
O-O Be7 5. d4 O-O 6. c4 dxc4 7.
Qa4 a6 8. Qxc4 b5 9. Qc2 Bb7 10.
Bg5 Nbd7 11. Nbd2 Rc8 12. Nb3 c5 13. Bxf6 Bxf6 14. dxc5 Bd5 15. Rfd1 Qe7 16. Rac1 Bxb3 17. Qxb3 Nxc5 18. Qa3 Na4 19. Qxe7 Bxe7 20. Ne5 Nxb2 21. Bb7 Rb8 22. Rd7 Bf6 23. Nc6 Rbe8 24. Bxa6 Ra8 25.
Ra7 b4 26. Rxa8 Rxa8 27. Nxb4 Be7 28. a3 h5 29. Rc8+ Rxc8 30. Bxc8 Nc4 31. Nc2 Nxa3 32. Nxa3 Bxa3 33. Bb7 g6 34. e3 Kg7 35. Kg2 Bb4 36.
h4 Bc5 37. Kf3 Bd6 38. Ke4 Be7 39. Bc6 Bf6 40. Bb5 Be7 41. Bd3 Bb4 42. Bb5 Be1 43.
Kf3 Bb4 44. Ke2 Bd6 45. Bc4 Bc7 46. Bb3 Bb8 47. Bc4 Ba7 48. Bd3 Bb6 49. Bc2 Bc5 50. Bb3 Bb4 51. Bc4 Ba3 52. Bb5 Bb2 53. Be8 Bf6 54. Ba4 Be7 55. Bd1 Bd8 56. Bc2 Bc7 57.
Bd3 Ba5 58. Bc2 Bb4 59. Bb3 Ba5 60. Bc4 Bb6 61. Bd3 Bc5 62. Bc2 Bd6 63. Bb3 Be7 64.
Bc4 Kf6 65. Bd3 Ke5 66. Bc2 f5 67. Ba4 Kf6 68. Bd7 e5 69. Bc8 Bd6 70. Bb7 e4 71. Bc8 Be5 72. Bb7 Bb8 73. Bd5 Bd6 74. Bc4 Ke5 75.
Bb3 Kf6 76. Bc4 Be5 77. Bb3 Bc7 78. Ba4 Bb8 79. Be8 Bc7 80. Ke1 Ba5+ 81. Ke2 Bc7 82. Kf1 Bd6 83. Ke2 Bb4 84. Kf1 Ba5 85. Ke2 Bd8 86.
Ba4 g5 87. hxg5+ Kxg5 88. Bd7 Bc7 89. Bc8 Be5 90. Bd7 Bb8 91. Bc8 Ba7 92. Bd7 Bb6 93. Bc8 Ba5 94. Bd7 Bb4 95. Bc8 Bc5 96. Bd7 Ba7 97.
Bc8 Bb8 98. Bd7 Bc7 99. Bc8 Bd6 100. Bd7 Bc7 101. Bc8 Bb8 102. Bd7 Bc7 103. Bc8 Be5 104. Bd7 Bc3 105. Bc8 Kf6 106. Bd7 Bb2 107. Be8 Ba3 108. Bxh5 Bd6 109. Be8 Ke7 110. Bc6 Kf6 111. Bb7 Ke5 112. Bc8 Kf6 113. Kf1 Bc7 114. Kg2 Kg5 115. Bd7 Bd6 116. Bc8 Bc7 117. Be6 Bb8 118. Bd5 Bc7 119. Bc6 Bb6 120. Bd7 Ba7 121. Bc8 Bb6 122. Kf1 Ba7 123. Ke2 Bb8 124. Kd2 Bc7 125. Kc3 Ba5+ 126. Kd4 Be1 127. Bxf5 Kxf5 128. g4+ Kxg4 129. Kxe4 Bxf2 130. Kd3 Kf5 131. e4+ Ke5 132. Kc4 Bd4 133. Kb5 Be3 134. Kc6 Bf4 135. Kd7 Bg3 136. Ke8 Bh2 137. Kf7 Bg3 138. Ke8 Bf4 139. Kd7 Be3 140. Ke8 Bd2 141. Kf7 Bc1 142. Ke8 Bd2 143. Kd7 Bc1 144. Ke8 Bd2 145. Kf7 Bc1 146. Ke8 Bb2 147. Kd7 Ba1 148. Ke8 Bb2 149. Kf7 Ba3 150. Ke8 Bb4 151. Kd7 Ba5 152.
Ke8 Bb6 153. Kf7 Ba7 154. Ke8 Bb8 155. Kd7 Ba7 156. Ke8 Bb6 157. Kd7 Ba5 158. Ke8 Bb4 159. Kd7 Ba3 160. Kc6 Bb2 161. Kb5 Ba1 162. Kc4 Bb2 163. Kd3 Bc1 164. Kc2 Bf4 165. Kd3 Bg3 166. Ke2 Bh4 167. Kf3 Bf6 168. Kf2 Be7 169. Kf3 Bc5 170. Ke2 Bb6 171. Kf3 Bc7 172. Ke2 Bd6 173. Kf3 Bc5 174. Ke2 Bd4 175. Kf3 Bc5 176. Ke2 Bb6 177. Kf3 Bc5 178. Ke2 Bb6 179. Kf3 Bc5 1/2-1/2

[Event "*** Titled Tuesday 3|2 Blitz (Early)"]
[Site "Chess.com"]
[Date "2016.11.01"]
[Round "8"]
[White "KestutisLabeckas"]
[Black "darsen_sanzhaev"]
[Result "1-0"]
[WhiteElo "2465"]
[BlackElo "2285"]
[TimeControl "180+2"]
[EndTime "12:45:34 PDT"]
[Termination "KestutisLabeckas won by resignation"]

1. d4 d5 2. Nf3 c5 3. e3 Nc6 4. b3 Bf5 5. Bb2 Nf6 6. Bd3 Bxd3 7. Qxd3 cxd4 8. exd4 e6 9. O-O Bd6 10. c4 O-O 11.
Nc3 Rc8 12. Rfd1 b6 13. Qe2 Re8 14. Ne5 Qe7 15. g3 Bb4 16. Rac1 dxc4 17. bxc4 Red8 18.
Ne4 Nxe5 19. dxe5 Nxe4 20. Qxe4 Qc5 21. Qb7 a5 22. a3 Bxa3 23. Bxa3 Qxa3 24. Qxb6 Rd2 25. c5 h5 26. c6 g6 27. c7 Qd3 28.
Rxd2 Qxd2 29. Qc6 a4 30. Rb1 a3 31. Rb8 a2 32. Rxc8+ Kg7 33. Ra8 Qd1+ 34. Kg2 a1=Q 35. Rxa1 Qxa1 36. c8=Q Qxe5 37. Qc3 1-0

[Event "*** Titled Tuesday 3|2 Blitz (Early)"]
[Site "Chess.com"]
[Date "2016.11.01"]
[Round "8"]
[White "Danirod"]
[Black "Fandorine"]
[Result "0-1"]
[WhiteElo "2490"]
[BlackElo "2636"]
[TimeControl "180+2"]
[EndTime "12:45:48 PDT"]
[Termination "Fandorine won by resignation"]

1. e4 c6 2. d4 d5 3. e5 c5 4. dxc5 Nc6 5. Nf3 Bg4 6. c3 e6 7.
Be3 a6 8. Be2 Nge7 9. Qa4 Bxf3 10. Bxf3 Qd7 11. O-O Nxe5 12. Qxd7+ Kxd7 13. Be2 Nf5 14. Bd4 Nxd4 15. cxd4 Nc6 16. Rd1 g5 17. Na3 Bg7 18.
Nc2 h5 19. b4 g4 20. a4 Ne7 21. Bd3 Rhc8 22. Kf1 a5 23. b5 e5 24. dxe5 Bxe5 25. c6+ bxc6 26. bxc6+ Rxc6 27. Bb5 Bxa1 28. Rxa1 Kd6 29.
Bxc6 Nxc6 30. Rd1 Nb4 31. Ne3 Rc8 32. g3 Ke5 33. Re1 Kf6 34. Rd1 Rd8 35. Rd4 Ke5 36. Rf4 d4 37. Nc4+ Ke6 38. Ke2 Nc6 39. Nd2 f5 40. f3 d3+ 41. Ke3 Nb4 42. fxg4 Nd5+ 43. Kf3 hxg4+ 44. Kf2 Nxf4 45. gxf4 Rh8 46. Kg3 Rh3+ 47.
Kg2 Re3 48. Nc4 Re4 49. Nb2 d2 50. Kf2 Re1 0-1

[Event "*** Titled Tuesday 3|2 Blitz (Early)"]
[Site "Chess.com"]
[Date "2016.11.01"]
[Round "8"]
[White "NDePinEsPeRG"]
[Black "Evgeny_Levin"]
[Result "0-1"]
[WhiteElo "2651"]
[BlackElo "2711"]
[TimeControl "180+2"]
[EndTime "12:45:52 PDT"]
[Termination "Evgeny_Levin won by resignation"]

1. e4 c5 2. Nf3 d6 3. d4 cxd4 4.
Nxd4 Nf6 5. Nc3 a6 6. Be3 Ng4 7. Bg5 h6 8. Bh4 g5 9. Bg3 Bg7 10. Qd2 Nc6 11. Nb3 Be6 12. h4 gxh4 13. Bxh4 Qb6 14. f3 Ne3 15. Bf2 Nxf1 16. Kxf1 Qb4 17. a3 Bxc3 18. bxc3 Qc4+ 19. Kg1 h5 20. Rb1 O-O-O 21.
Rh4 Rdg8 22. Kh1 Qb5 23. Qe3 Qg5 24. Qxg5 Rxg5 25. Be3 Rg6 26. Nd4 Nxd4 27. cxd4 d5 28. Rb6 dxe4 29. fxe4 Rg3 30. Bf2 Rxa3 31. d5 Bg4 32.
Bc5 Ra2 33. Bxe7 Rxc2 34. Kh2 Re8 35. d6 Rg8 36. Kg3 a5 37. Rh1 a4 38. Kf4 a3 39.
Ke5 a2 40. Rb4 Be6 41. Ra1 Rgxg2 42. Bh4 Rb2 43. Ra4 Rb5+ 44. Kf6 Kd7 45. Bg5 Rgxg5 0-1

[Event "*** Titled Tuesday 3|2 Blitz (Early)"]
[Site "Chess.com"]
[Date "2016.11.01"]
[Round "8"]
[White "Chopper1905"]
[Black "saraswathii"]
[Result "0-1"]
[WhiteElo "2547"]
[BlackElo "2206"]
[TimeControl "180+2"]
[EndTime "12:45:53 PDT"]
[Termination "saraswathii won by resignation"]

1. e4 c5 2. Nf3 e6 3. d4 cxd4 4. Nxd4 Nf6 5. Nc3 Nc6 6. Ndb5 Bb4 7. a3 Bxc3+ 8. Nxc3 d5 9. exd5 exd5 10. Bd3 d4 11. Ne2 O-O 12. O-O Qd5 13. Nf4 Qd6 14. Nh5 Nxh5 15. Qxh5 h6 16. Bd2 Be6 17. Rae1 Qd5 18.
Qxd5 Bxd5 19. Re2 Rfe8 20. Rfe1 Rxe2 21. Rxe2 a6 22. c4 dxc3 23. Bxc3 Rd8 24. Rd2 Re8 25. f3 Rd8 26. Kf2 Be6 27. g4 f6 28. h4 Ne7 29.
Ba5 Rd7 30. h5 f5 31. Kg3 fxg4 32. fxg4 Rd4 33. Be2 Rxd2 34. Bxd2 Kf7 35. Bc3 Nd5 36. Bd4 Nf6 37. b4 Bd5 38. Kf4 Ke6 39. a4 Kf7 40. a5 g6 41. hxg6+ Kxg6 42. Ke5 Bc6 43. Kd6 Nd5 44. Kc5 Nf4 45. Bf1 Ne6+ 46. Kc4 Bb5+ 47. Kd5 Nxd4 48. Bh3 Ne2 49. Kc5 Nf4 50. Kb6 Nxh3 0-1

[Event "*** Titled Tuesday 3|2 Blitz (Early)"]
[Site "Chess.com"]
[Date "2016.11.01"]
[Round "8"]
[White "visa"]
[Black "josiwales"]
[Result "0-1"]
[WhiteElo "2133"]
[BlackElo "2202"]
[TimeControl "180+2"]
[EndTime "12:45:54 PDT"]
[Termination "josiwales won by checkmate"]

1. e4 e6 2. d3 d6 3. Nf3 Ne7 4.
g3 g6 5. Bg2 Bg7 6. O-O O-O 7. Re1 c5 8. c3 Nbc6 9. a4 d5 10. Nbd2 e5 11. exd5 Nxd5 12. Nc4 f6 13. Qb3 Kh8 14. a5 Rf7 15. Rd1 Be6 16. d4 cxd4 17. cxd4 e4 18. Ne1 f5 19. Be3 Rc8 20. a6 b6 21. Rac1 Nxe3 22. Qxe3 Nxd4 23. Nd6 Qxd6 24.
Rxc8+ Bxc8 25. Nc2 Nxc2 26. Rxd6 Nxe3 27. fxe3 Bxa6 28. Rd8+ Rf8 29. Rd7 Bh6 30. Kf2 Rc8 31. Rxa7 Rc2+ 32. Ke1 Rxg2 33. Rxa6 Bxe3 34. b4 Rxh2 35.
b5 Rb2 36. Kf1 Rxb5 37. g4 fxg4 38. Kg2 h5 39. Kg3 Bg5 40. Ra3 Kg7 41. Rc3 Kf6 42. Rc6+ Kf5 43. Rc3 Bf4+ 44. Kh4 Bg5+ 45. Kg3 h4+ 46.
Kg2 Rb2+ 47. Kf1 g3 48. Kg1 Kg4 49. Kh1 Kh3 50. Rc1 Bxc1 51. Kg1 g5 52. Kf1 Bf4 53. Kg1 Rf2 54. Kh1 b5 55. Kg1 b4 56. Kh1 b3 57.
Kg1 e3 58. Kh1 b2 59. Kg1 e2 60. Kh1 b1=B 61. Kg1 e1=N 62. Kh1 Be3 63. Kg1 g4 64. Kh1 Be4+ 65. Kg1 Nf3+ 66. Kh1 g2# 0-1

[Event "*** Titled Tuesday 3|2 Blitz (Early)"]
[Site "Chess.com"]
[Date "2016.11.01"]
[Round "8"]
[White "popov_m"]
[Black "Tash_Boy"]
[Result "0-1"]
[WhiteElo "2255"]
[BlackElo "2480"]
[TimeControl "180+2"]
[EndTime "12:45:58 PDT"]
[Termination "Tash_Boy won by resignation"]

1. c4 Nf6 2. g3 g6 3. Bg2 Bg7 4.
Nc3 O-O 5. e4 d6 6. Nge2 c5 7. O-O Nc6 8. d3 Ne8 9. Be3 Nd4 10. Qd2 Nc7 11. Bh6 Nce6 12. Bxg7 Kxg7 13. f4 f5 14. Rae1 Rb8 15. b3 a6 16. Nd5 Nxe2+ 17. Qxe2 Nd4 18. Qb2 e6 19. Ne3 b5 20. Nc2 Qb6 21.
Nxd4 cxd4 22. exf5 gxf5 23. Kh1 Bd7 24. Qe2 Qd8 25.
c5 dxc5 26. Qe5+ Qf6 27. Qxc5 Rbc8 28. Qa7 Rf7 29. Rf2 h5 30. Qxa6 h4 31. Qd6 Rh8 32. Kg1 Kg8 33. Re5 Rg7 34. Qxd4 hxg3 35. hxg3 Rh6 36.
Qe3 Rhg6 37. Rf3 Bc6 38. d4 Bxf3 39. Qxf3 Rxg3 40. Qa8+ Kh7 41. Re2 Qxd4+ 42. Kh1 0-1

[Event "*** Titled Tuesday 3|2 Blitz (Early)"]
[Site "Chess.com"]
[Date "2016.11.01"]
[Round "8"]
[White "KyronGriffith"]
[Black "Mbneu"]
[Result "0-1"]
[WhiteElo "2313"]
[BlackElo "2140"]
[TimeControl "180+2"]
[EndTime "12:46:15 PDT"]
[Termination "Mbneu won by resignation"]

1. e4 e5 2. Nf3 Nc6 3. Bb5 Bc5 4.
O-O d6 5. c3 a6 6. Ba4 Ba7 7.
d4 exd4 8. cxd4 Bg4 9. d5 b5 10.
dxc6 bxa4 11. Be3 Ne7 12. Bxa7 Rxa7 13. Qd4 Ra8 14. Nbd2 O-O 15. Qxa4 f5 16. Rfe1 f4 17. Qc4+ Kh8 18. Ng5 Qe8 19. Ne6 Bxe6 20. Qxe6 Nxc6 21. Qxe8 Raxe8 22. Nf3 Nb4 23. Re2 Nd3 24. Rd1 Nc5 25. e5 dxe5 26. Rxe5 Rxe5 27. Nxe5 Kg8 28. Rd5 Ne6 29.
Nc6 g5 30. h3 Kf7 31. Rd7+ Kf6 32. Rxh7 Ng7 33. Rh6+ Kf5 34. Ne7+ Ke4 35. Rxa6 Re8 36. Nc6 Nf5 37. Ra7 f3 38. gxf3+ Kxf3 39. Ra3+ Kf4 40. Ra5 Re1+ 41. Kh2 Nh4 42. Ra4+ Kf3 43. Nd4+ Kxf2 44. Ra5 Rd1 45. Rxg5 Rxd4 46. Rg4 Nf3+ 0-1

[Event "*** Titled Tuesday 3|2 Blitz (Early)"]
[Site "Chess.com"]
[Date "2016.11.01"]
[Round "8"]
[White "NTBT_DHS"]
[Black "viditchess"]
[Result "0-1"]
[WhiteElo "2496"]
[BlackElo "2570"]
[TimeControl "180+2"]
[EndTime "12:46:18 PDT"]
[Termination "viditchess won by checkmate"]

1. d4 Nf6 2. c4 g6 3. Nc3 d5 4.
Nf3 Bg7 5. e3 O-O 6. b4 c6 7.
Bb2 Bg4 8. h3 Bxf3 9. Qxf3 a5 10.
b5 a4 11. Rb1 Qa5 12. Bd3 Nbd7 13. O-O e6 14. Rfc1 Rfc8 15. Ba3 Qd8 16. cxd5 cxd5 17.
Qd1 Nb6 18. Bc5 Nfd7 19. Bb4 Bf8 20. a3 Rc7 21. Na2 Rac8 22. Rxc7 Rxc7 23. Rc1 Bxb4 24. Nxb4 Qc8 25. Rxc7 Qxc7 26. Qd2 Nc4 27. Qc3 Ndb6 28. Nc2 Qd6 29. Kf1 Kf8 30. Ke2 Ke7 31.
e4 f6 32. exd5 exd5 33. Nb4 Kd7 34. g3 Qe6+ 35. Kd1 Qxh3 36. Be2 Qh1+ 37. Kc2 Qg2 38.
Nd3 Qe4 39. Bf3 Qf5 40. g4 Qg5 41. Nc5+ Kc8 42. Qe1 f5 43. Qe6+ Kb8 44. Bxd5 Qd2+ 45. Kb1 Qb2# 0-1

[Event "*** Titled Tuesday 3|2 Blitz (Early)"]
[Site "Chess.com"]
[Date "2016.11.01"]
[Round "8"]
[White "Paralinch"]
[Black "BillieKimbah"]
[Result "0-1"]
[WhiteElo "2658"]
[BlackElo "2633"]
[TimeControl "180+2"]
[EndTime "12:46:27 PDT"]
[Termination "BillieKimbah won by resignation"]

1. Nf3 Nf6 2. c4 c5 3. Nc3 Nc6 4. e3 e6 5. d4 d5 6. cxd5 exd5 7. Bb5 cxd4 8. exd4 Bd6 9. O-O O-O 10. Bg5 Bg4 11.
Nxd5 Bxh2+ 12. Kxh2 Qxd5 13. Bxc6 Qxc6 14. Ne5 Qd6 15.
Qd3 Nd5 16. Qg3 Bh5 17. Bd2 f6 18. Nc4 Qxg3+ 19. Kxg3 Rfd8 20. Rfc1 Be8 21. Ne3 Bc6 22. Nxd5 Rxd5 23. Be3 Rad8 24. b4 h5 25. Rc5 Rxc5 26. bxc5 Kf7 27. f3 g5 28. Kf2 h4 29. Re1 Kg6 30.
a3 Kf5 31. Rd1 Rh8 32. Rh1 Bd5 33. Ke2 Re8 34. Kf2 Re6 35. Rc1 Ra6 36. Rc3 Ra5 37. Bc1 Rb5 38. Kg1 Rb1 39. Kf2 Ra1 40. Rc2 Bb3 41. Rc3 Ra2+ 42. Kg1 Bd5 43. Be3 g4 44. fxg4+ Kxg4 45. Bf2 Ra1+ 46. Kh2 Rf1 47. Be3 f5 48.
Rc2 h3 49. gxh3+ Kf3 50. Bg1 f4 51. Rb2 Ke4 52. Re2+ Kf3 53. Re5 Be4 54. d5 Rd1 55.
d6 Rd2+ 56. Kh1 Bc6 0-1

[Event "*** Titled Tuesday 3|2 Blitz (Early)"]
[Site "Chess.com"]
[Date "2016.11.01"]
[Round "8"]
[White "ftorodent"]
[Black "petrpalachev"]
[Result "0-1"]
[WhiteElo "2484"]
[BlackElo "2439"]
[TimeControl "180+2"]
[EndTime "12:46:47 PDT"]
[Termination "petrpalachev won by resignation"]

1. d4 Nf6 2. c4 e6 3. Nf3 d5 4. Nc3 Bb4 5. Qa4+ Nc6 6. cxd5 exd5 7. Bg5 h6 8. Bxf6 Qxf6 9. e3 O-O 10. Rc1 a6 11.
Qd1 Be6 12. Bd3 Ne7 13. O-O Bd6 14. Na4 Bf5 15. Nc5 Bxd3 16. Qxd3 Bxc5 17. Rxc5 c6 18. Qb3 Rab8 19. Qb6 Nf5 20. Ne5 Qd8 21. Qb3 Nd6 22.
Qc2 Re8 23. Rc1 Ra8 24. Rc3 Qg5 25. Rb3 Re7 26. Qe2 h5 27. Qf3 g6 28. Nd3 Rc8 29.
Qf4 Qxf4 30. Nxf4 Rcc7 31. Nd3 Kg7 32. g3 Ne4 33. Rc2 f6 34. Kg2 Kf7 35. Nf4 Nd6 36. Rd3 Rcd7 37. h3 Rd8 38. Rd1 Rh8 39. Nd3 h4 40. g4 g5 41. Re1 Rhe8 42. Rce2 Kg6 43. f3 Kf7 44. Kf2 Kg6 45. b3 Kf7 46. Nc5 Kg6 47. e4 dxe4 48. fxe4 b6 49.
e5 fxe5 50. dxe5 Nb5 51. Nd3 Nd4 52. Re3 Nc2 53. Rc1 Nxe3 54. Rxc6+ Re6 55. Rxe6+ Rxe6 56. Kxe3 Rc6 57. Ke4 Rc2 58. Nb4 Rh2 59. Nd5 Rxh3 60. e6 Rh1 61. Ke5 Re1+ 62. Kd6 h3 63. Ne7+ Kf6 64.
Nd5+ Kg7 0-1

[Event "*** Titled Tuesday 3|2 Blitz (Early)"]
[Site "Chess.com"]
[Date "2016.11.01"]
[Round "8"]
[White "GM_dmitrij"]
[Black "Haridaskesavan"]
[Result "1/2-1/2"]
[WhiteElo "2410"]
[BlackElo "2139"]
[TimeControl "180+2"]
[EndTime "12:46:54 PDT"]
[Termination "Game drawn by repetition"]

1. e4 e5 2. Nf3 Nc6 3. Bb5 a6 4.
Ba4 d6 5. c3 Ne7 6. d4 Bd7 7.
O-O g6 8. d5 Nb8 9. Bc2 Bg7 10.
h3 O-O 11. c4 h6 12. Nc3 f5 13. Ne1 f4 14. Nd3 g5 15. f3 Be8 16. c5 Nd7 17.
b4 h5 18. a4 Nf6 19. Nf2 Rf7 20. Ba3 Bf8 21. Qd2 Rg7 22. Bd1 Bd7 23. Rc1 Ng6 24.
c6 bxc6 25. dxc6 Be6 26. Nd5 Nxd5 27. exd5 Bc8 28. Bb2 Nh4 29. b5 axb5 30. axb5 Ra2 31. Ra1 Rxa1 32. Bxa1 Nf5 33. Re1 Ne3 34. Rxe3 fxe3 35.
Qxe3 g4 36. hxg4 hxg4 37. Nxg4 Bxg4 38. fxg4 Qh4 39. Qf2 Qh6 40. g5 Qxg5 41. Bc3 Qc1 42. Qd2 Qb1 43. Qe2 Be7 44. Ba5 Bg5 45. b6 Be3+ 46. Qxe3 Qxd1+ 47. Be1 cxb6 48. Qe4 Qc1 49. Qh4 Qc5+ 50. Bf2 Qc1+ 51. Be1 Qc5+ 52. Bf2 Qxd5 53. Qd8+ Kh7 54. Qh4+ Kg8 55. Qd8+ Kf7 56. Qd7+ Kg8 57. Qe8+ Kh7 58. Qh5+ Kg8 59. Qe8+ Kh7 60. Qh5+ Kg8 61.
Qe8+ Kh7 62. Qh5+ Kg8 63. Qe8+ Kh7 64. Qh5+ Kg8 1/2-1/2